 Dungeon Crawl Stone Soup version 0.26-b1-32-g5d43845318 (webtiles) character file.

Game seed: 14400990892579210137

1320 mopl the Insei (level 8, -8/43 HPs)
             Began as a Kobold Transmuter on Jan 11, 2021.
             Was a Priest of Uskayaw.
             Killed from afar by an orc wizard (11 damage)
             ... with a puff of flame
             ... on level 7 of the Dungeon.
             The game lasted 00:12:05 (6949 turns).

mopl the Insei (Kobold Transmuter)                  Turns: 6949, Time: 00:12:06

Health: -8/43      AC:  4    Str:  9    XL:     8   Next: 90%
Magic:  12/13      EV: 15    Int: 14    God:    Uskayaw [***...]
Gold:   337        SH:  4    Dex: 16    Spells: 2/14 levels left

rFire    . . .     SeeInvis +   a - +2 dagger (venom)
rCold    . . .     Faith    .   h - +0 buckler
rNeg     . . .     Spirit   .   j - +0 robe (curse)
rPois    .         Reflect  .   (no helmet)
rElec    .         Harm     .   z - +0 cloak
rCorr    .         Rampage  .   A - +0 pair of gloves
Will     +....                  (no boots)
Stlth    ++........             (no amulet)
HPRegen  0.14/turn              r - ring of willpower
MPRegen  0.13/turn              u - ring of see invisible

@: no status effects
A: small, nightstalker 3
a: Renounce Religion, Stomp, Line Pass


You were on level 7 of the Dungeon.
You worshipped Uskayaw.
Uskayaw was noncommittal.
You visited 2 branches of the dungeon, and saw 8 of its levels.

You collected 337 gold pieces.

Inventory:

Hand Weapons
 a - a +2 dagger of venom (weapon)
 b - a +0 hunting sling
Missiles
 c - 103 stones
 e - 6 boomerangs of dispersal
 t - 54 poisoned darts (quivered)
 y - 2 boomerangs
 D - 5 silver boomerangs
Armour
 h - a +0 buckler (worn)
 j - a cursed +0 robe (worn)
 z - a +0 cloak (worn)
 A - a +0 pair of gloves (worn)
 I - a scarf of shadows
Jewellery
 r - a ring of willpower (left hand)
 u - a ring of see invisible (right hand)
 x - a +6 ring of intelligence
Wands
 s - a wand of paralysis (5)
 B - a wand of digging (4)
 C - a wand of flame (13)
Scrolls
 f - a scroll of identify
 g - a scroll of fog {unknown}
 i - 3 scrolls of teleportation {unknown}
 k - 5 scrolls of remove curse {unknown}
 n - 5 scrolls of amnesia {unknown}
 q - a scroll of fear {unknown}
 w - 2 scrolls of immolation {unknown}
 H - a scroll of random uselessness {unknown}
Potions
 d - 2 potions of brilliance
 l - 2 potions of curing
 m - 5 potions of haste
 o - 2 potions of ambrosia
 p - a potion of lignification {!q}
 v - 2 potions of might
 E - a potion of attraction
 F - a potion of heal wounds
 G - a potion of magic


   Skills:
 - Level 1.1 Fighting
 + Level 3.5 Dodging
 * Level 7.9 Unarmed Combat
 + Level 3.9 Spellcasting
 + Level 1.8 Translocations
 + Level 5.4 Transmutations
 - Level 1.0 Poison Magic
 * Level 1.2 Invocations


You had 2 spell levels left.
You knew the following spells:

 Your Spells              Type           Power        Failure   Level
a - Beastly Appendage     Tmut           34%          3%          1
b - Spider Form           Tmut/Pois      5%           26%         3
d - Ice Form              Ice/Tmut       10%          71%         4
e - Blink                 Tloc           N/A          24%         2
w - Wereblood             Tmut           17%          5%          2

Your spell library contained the following spells:

 Spells                   Type           Power        Failure   Level
 Magic Dart               Conj           8%           32%         1
 Call Imp                 Summ           2%           45%         2
 Slow                     Hex            2%           45%         2
 Mephitic Cloud           Conj/Pois/Air  3%           65%         3
 Conjure Flame            Conj/Fire      2%           69%         3
 Blade Hands              Tmut           8%           69%         5


Dungeon Overview and Level Annotations

Branches:
Dungeon (7/15)             Temple (1/1) D:6

Altars:
Ashenzari
Cheibriados
Dithmenos
Elyvilon
Fedhas
Gozag
Hepliaklqana
Kikubaaqudgha
Nemelex Xobeh
Okawaru
Qazlal
Ru
Sif Muna
Trog
Uskayaw
Vehumet
Wu Jian
Xom
Yredelemnul
Zin
The Shining One

Annotations:
D:4 bb


Innate Abilities, Weirdness & Mutations

You are small and have problems with some larger weapons.
You are completely attuned to the shadows.


Message History

Your transformation has ended.
Your +2 dagger of venom unmelds from your body.
Your +0 cloak unmelds from your body.
Your +0 pair of gloves unmelds from your body.
Your +0 buckler unmelds from your body.
Your cursed +0 robe unmelds from your body.
Your +2 dagger of venom begins to drip with poison!
A jackal comes into view.
The wyvern skeleton bites you!
The jackal bites you but does no damage.
You block the orc wizard's attack. The jackal closely misses you.
You hit the orc wizard.
The orc wizard looks as sick as possible!
The orc wizard is severely wounded.
The wyvern skeleton bites you!
* * * LOW HITPOINT WARNING * * *
The jackal closely misses you. You block the jackal's attack.
The orc wizard gestures at you while chanting.
The puff of flame hits you!
You die...

........... #######
....##.......... #......
._.#..#.............#......
..$.g..#..........<..#....<.
..#Z...#..o).........#.....#
......'†.Z@.........#.....#
#..>.#...hh........####'##
#....#...h..####'##.......
#....#.h....'.....#.......
#....#......#.....#.......
#[...#......#.....#.......
#....#......#.....#.......
#......#######.......
#......# #.......


You could see an orc wizard (extremely poisoned), 4 jackals and a wyvern
skeleton.

Vanquished Creatures
  Menkaure (D:6)
  An orc warrior (D:5)
  2 phantoms
  An ogre (D:6)
  2 bullfrogs
  A gnoll sergeant (D:5)
  A scorpion (D:6)
  A howler monkey (D:5)
  6 orc wizards
  2 hounds (D:4)
  Crazy Yiuf (D:5)
  2 worker ants
  A worker ant zombie (D:5)
  7 gnolls
  A howler monkey skeleton (D:7)
  6 adders
  2 shadow imps
  A white imp (D:5)
  An ufetubus (D:6)
  An ooze (D:1)
  A worm (D:2)
  A dart slug (D:3)
  2 leopard geckos
  13 orcs
  3 ball pythons
  5 giant cockroaches
  8 goblins
  7 hobgoblins
  8 jackals
  7 kobolds
  2 quokkas
  10 bats
  10 frilled lizards
  6 rats
124 creatures vanquished.

Vanquished Creatures (others)
  5 plants (D:2)
  5 toadstools (D:1)
10 creatures vanquished.

Grand Total: 134 creatures vanquished

Notes
Turn   | Place    | Note
-------+----------+-------------------------------------------
     0 | D:1      | mopl the Kobold Transmuter began the quest for the Orb.
     0 | D:1      | Reached XP level 1. HP: 12/12 MP: 3/3
   238 | D:1      | Reached XP level 2. HP: 16/16 MP: 3/5
   246 | D:1      | Learned a level 2 spell: Wereblood
   483 | D:1      | Reached XP level 3. HP: 19/20 MP: 6/6
   956 | D:2      | Reached skill level 4 in Unarmed Combat
  1326 | D:2      | Reached XP level 4. HP: 19/25 MP: 7/7
  1532 | D:2      | Found a stormy altar of Qazlal.
  2189 | D:3      | Reached skill level 3 in Transmutations
  2324 | D:3      | Learned a level 3 spell: Spider Form
  2639 | D:3      | Reached XP level 5. HP: 29/29 MP: 8/8
  2931 | D:4      | Reached skill level 1 in Poison Magic
  2940 | D:4      | Noticed a phantom
  2959 | D:4      | Reached skill level 5 in Unarmed Combat
  3381 | D:3      | Reached XP level 6. HP: 32/34 MP: 9/9
  3419 | D:4      | Noticed a phantom
  3532 | D:5      | Entered Level 5 of the Dungeon
  3895 | D:5      | Found a runed translucent door.
  3898 | D:5      | Noticed Crazy Yiuf
  3905 | D:5      | Paralysed by Crazy Yiuf for 7 turns
  3907 | D:5      | Killed Crazy Yiuf
  4183 | D:5      | Noticed a phantom
  4227 | D:5      | Killed a phantom
  4228 | D:5      | Reached skill level 6 in Unarmed Combat
  4228 | D:5      | Reached skill level 4 in Transmutations
  4228 | D:5      | Reached XP level 7. HP: 29/38 MP: 7/10
  4524 | D:5      | Learned a level 2 spell: Blink
  5442 | D:5      | Reached skill level 7 in Unarmed Combat
  5513 | D:5      | Reached skill level 3 in Spellcasting
  5513 | D:5      | Reached XP level 8. HP: 31/43 MP: 12/12
  5574 | D:5      | Learned a level 4 spell: Ice Form
  5926 | D:6      | Reached skill level 5 in Transmutations
  5944 | D:6      | Found a shimmering altar of Xom.
  6260 | D:6      | Noticed Menkaure
  6287 | D:6      | Killed Menkaure
  6288 | D:6      | Reached skill level 3 in Dodging
  6288 | D:6      | Reached skill level 1 in Translocations
  6526 | D:6      | Found a staircase to the Ecumenical Temple.
  6532 | Temple   | Entered the Ecumenical Temple
  6757 | Temple   | Became a worshipper of Uskayaw the Reveller
  6791 | D:6      | Found a sparkling altar of Nemelex Xobeh.
  6794 | D:6      | Found an opulent altar of Gozag.
  6794 | D:6      | Found a snail-covered altar of Cheibriados.
  6910 | D:7      | Reached * piety under Uskayaw
  6915 | D:7      | Found a radiant altar of Vehumet.
  6937 | D:7      | Reached skill level 1 in Invocations
  6940 | D:7      | Reached ** piety under Uskayaw
  6943 | D:7      | Reached *** piety under Uskayaw
  6949 | D:7      | Killed from afar by an orc wizard

Illustrated notes

Levels and vault maps discovered:
D:1:      ldierk_walled_garden, layout_loops_ring
D:2:      layout_loops_cross, nicolae_qazlal_general_emergency,
          serial_bayou_pond_a, grunt_decor_cap
D:3:      layout_basic
D:4:      layout_rooms, serial_shops, nicolae_shop_behind_doors, uniq_grinder
D:5:      layout_basic, minivault_26, uniq_crazy_yiuf_cottage
D:6:      layout_basic, grunt_temple_overflow_open, minmay_temple_entry_ruins,
          uniq_menkaure
D:7:      layout_gridville, vehumet_altar_wand_db, basic_altar
Temple:   regret_index_temple_waves

Skill      XL: |  1  2  3  4  5  6  7  8 |
---------------+-------------------------+-----
Unarmed Combat | 4 5 6 7 |  7.9
Transmutations | 3 4 5 |  5.4
Poison Magic   | 1 |  1.0
Spellcasting   | 3 |  3.9
Dodging        | 3 |  3.5
Translocations | 1 |  1.8
Invocations    | 1 |  1.2
Fighting       | |  1.1

Action                   |  1- 3 |  4- 6 |  7- 9 || total
-------------------------+-------+-------+-------++-------
Melee: Unarmed           |    22 |    17 |    56 ||    95
       Kick              |     4 |     2 |     5 ||    11
       Headbutt          |     1 |     1 |     1 ||     3
       Dagger            |    56 |   120 |   123 ||   299
 Fire: Hunting sling     |       |    20 |       ||    20
Throw: Dart              |       |       |     4 ||     4
 Cast: Beastly Appendage |     5 |     3 |     1 ||     9
       Spider Form       |       |     2 |     5 ||     7
Evoke: Wand              |       |       |     3 ||     3
  Use: Scroll            |     2 |     3 |     5 ||    10
 Stab: Sleeping          |    13 |    22 |     5 ||    40
       Paralysed         |       |       |    19 ||    19
Armor: Robe              |     7 |    13 |     7 ||    27
       Skin              |       |       |     5 ||     5
Dodge: Dodged            |    42 |    96 |   103 ||   241
Block: Buckler           |    16 |    22 |    19 ||    57
